AoeStats
← nanakusa

Hill Fort

506628685Analyzed
4v4 RM · 18d ago on Sep 14, 2026· 55m 36s· 8 players
Game mode
Random Map
Map size
Large (8 player)
Population
200
Speed
Normal
Resources
Standard
Victory
Conquest
Starting age
Dark Age
Ending age
Imperial Age
RankedLock teamsTeams togetherTeam positionsShared explorationLock speedFull tech treeHidden civsTurbo modeCheats
Victory
Defeat
🇨🇿 Teutons · Czechia
1524
+16
🇨🇳 Maya · China
1518
+17
🇨🇳 Lithuanians · China
1494
+18
🇨🇳 Berbers · China
1485
+18
🇯🇵 Saracens · Japan
1599
-20
🇨🇳 Franks · China
1572
-19
🇦🇺 Gurjaras · Australia
1507
-16
🇻🇳 Britons · Vietnam
1452
-14
网恋被骗50块
11:12 Feudal Age
11:58 Loom
15:06 Castle Age
14:03 Horse Collar
15:06 Double-Bit Axe
17:23 Bow Saw
23:43 Fletching
24:21 Stone Mining
24:22 Gold Mining
27:21 Wheelbarrow
26:34 Town Watch
26:53 Padded Archer Armor
27:23 Heavy Plow
30:03 Thumb Ring
33:39 Imperial Age
32:00 Gold Shaft Mining
31:09 Treadmill Crane
32:49 Stone Shaft Mining
32:53 Kasbah
32:51 Bodkin Arrow
33:12 Leather Archer Armor
33:16 Bloodlines
33:06 Husbandry
33:14 Thumb Ring
34:06 Ballistics
34:51 Conscription
36:07 Chemistry
35:09 Bracer
35:40 Ring Archer Armor
35:07 Elite Genitour
39:40 Hand Cart
41:23 Elite Camel Archer
42:04 Maghrebi Camels
42:39 Hoardings
44:15 Coinage
43:57 Forging
43:52 Scale Barding Armor
44:23 Light Cavalry
46:20 Hussar
47:24 Chain Barding Armor
47:39 Iron Casting
53:22 Crop Rotation
投掷哥布林
10:45 Feudal Age
12:03 Loom
15:05 Castle Age
14:41 Double-Bit Axe
14:40 Horse Collar
18:00 Bow Saw
21:07 Fervor
26:41 Wheelbarrow
25:52 Town Watch
26:41 Scale Barding Armor
27:33 Husbandry
27:43 Bloodlines
27:59 Chain Barding Armor
29:12 Gold Mining
31:01 Forging
34:26 Imperial Age
32:11 Stone Mining
33:32 Iron Casting
34:30 Cavalier
35:47 Plate Barding Armor
36:01 Paladin
37:52 Light Cavalry
39:11 Conscription
42:00 Winged Hussar
45:32 Heavy Plow
46:35 Two-Man Saw
45:37 Scale Mail Armor
46:17 Tower Shields
50:35 Crop Rotation
50:23 Hand Cart
53:28 Caravan
52:53 Pikeman
53:34 Squires
53:51 Chain Mail Armor
枕上鸳鸯睡红莲
0:29 Loom
0:33 Loom
11:34 Feudal Age
15:31 Castle Age
13:58 Double-Bit Axe
14:26 Gold Mining
14:29 Horse Collar
16:27 Bow Saw
18:29 Fletching
19:36 Wheelbarrow
20:17 Bodkin Arrow
23:50 Padded Archer Armor
24:55 Ballistics
25:17 Leather Archer Armor
26:22 Hand Cart
40:02 Imperial Age
40:50 Bracer
41:55 Chemistry
42:11 Ring Archer Armor
43:20 Fortified Wall
47:33 Elite Plumed Archer
49:59 Heavy Plow
51:05 Two-Man Saw
50:29 Pikeman
51:09 Squires
51:32 Masonry
52:14 Town Watch
52:32 Caravan
53:26 Halberdier
55:14 Scale Mail Armor
55:25 Forging
56:37 Architecture
55:47 Treadmill Crane
Czech_Airwave
9:47 Feudal Age
12:38 Loom
15:31 Castle Age
13:41 Double-Bit Axe
13:59 Horse Collar
14:33 Stone Mining
18:50 Wheelbarrow
18:52 Bow Saw
20:50 Wheelbarrow
20:53 Gold Mining
22:39 Heavy Plow
29:16 Imperial Age
26:35 Town Watch
27:15 Scale Mail Armor
28:05 Forging
27:46 Fletching
27:26 Pikeman
28:07 Squires
27:52 Arson
27:53 Gambesons
29:05 Hand Cart
29:47 Chain Mail Armor
30:07 Iron Casting
29:28 Bodkin Arrow
30:12 Iron Casting
29:30 Halberdier
31:29 Crop Rotation
31:56 Stone Shaft Mining
32:37 Two-Man Saw
32:10 Conscription
32:24 Ballistics
32:15 Masonry
33:07 Chemistry
33:14 Plate Mail Armor
32:41 Bodkin Arrow
33:31 Crenellations
34:20 Plate Mail Armor
34:50 Blast Furnace
33:48 Arson
36:06 Blast Furnace
36:54 Hoardings
37:50 Siege Engineers
38:04 Onager
39:34 Masonry
39:45 Bombard Tower
39:36 Siege Onager
48:32 Elite Teutonic Knight
49:37 Ironclad
HuynhSon
11:10 Feudal Age
11:59 Double-Bit Axe
14:02 Loom
14:41 Horse Collar
17:35 Castle Age
17:25 Gold Mining
17:51 Crossbowman
20:11 Bow Saw
19:58 Fletching
20:38 Padded Archer Armor
21:50 Bodkin Arrow
25:03 Leather Archer Armor
26:51 Ballistics
28:02 Heavy Plow
28:38 Gold Shaft Mining
34:58 Imperial Age
33:59 Wheelbarrow
35:36 Arbalester
36:19 Bracer
37:20 Chemistry
36:47 Yeomen
36:48 Conscription
37:32 Two-Man Saw
37:23 Ring Archer Armor
38:44 Caravan
38:53 Scale Mail Armor
39:22 Forging
44:02 Chain Mail Armor
44:15 Elite Skirmisher
46:54 Plate Mail Armor
46:26 Squires
46:09 Pikeman
78088344
10:59 Feudal Age
14:57 Castle Age
13:28 Double-Bit Axe
13:35 Loom
16:28 Bow Saw
19:03 Wheelbarrow
20:23 Scale Barding Armor
21:29 Husbandry
23:22 Chain Barding Armor
26:24 Gold Mining
32:01 Imperial Age
32:10 Stone Mining
33:33 Plate Barding Armor
32:26 Cavalier
35:30 Paladin
38:07 Forging
38:19 Hand Cart
39:04 Conscription
38:46 Chivalry
39:35 Iron Casting
46:11 Fletching
46:49 Ballistics
45:55 Light Cavalry
48:13 Blast Furnace
52:09 Bodkin Arrow
nanakusa
11:50 Feudal Age
13:10 Wheelbarrow
12:40 Double-Bit Axe
15:47 Castle Age
13:50 Horse Collar
14:38 Loom
16:31 Heavy Plow
16:45 Bow Saw
21:00 Stone Mining
24:44 Gold Mining
31:05 Imperial Age
29:06 Fortified Wall
29:27 Scale Barding Armor
29:33 Forging
30:40 Chain Barding Armor
31:02 Husbandry
31:13 Bloodlines
32:16 Conscription
32:29 Hand Cart
33:11 Iron Casting
33:29 Plate Barding Armor
33:12 Elite Mameluke
37:23 Blast Furnace
38:21 Onager
39:09 Caravan
42:19 Light Cavalry
44:23 Fletching
46:14 Masonry
46:13 Hussar
FC | The Finrod Felegund
7:15 Loom
11:23 Feudal Age
12:36 Double-Bit Axe
15:45 Castle Age
14:43 Forging
14:33 Scale Mail Armor
14:36 Horse Collar
15:06 Town Watch
22:52 Chain Mail Armor
23:47 Iron Casting
26:26 Wheelbarrow
26:38 Gold Mining
30:00 Hand Cart
30:01 Arson
32:29 Heavy Plow
33:43 Bow Saw
37:43 Bloodlines
37:41 Scale Barding Armor
38:21 Kshatriyas
43:41 Imperial Age
42:02 Gold Shaft Mining
41:17 Stone Mining
42:39 Chain Barding Armor
42:25 Fletching
42:37 Husbandry
41:59 Light Cavalry
44:12 Bodkin Arrow
44:26 Elite Shrivamsha Rider
46:16 Conscription
46:47 Hussar
49:56 Hoardings
Connection lost

Rejoining the realm…

Still unreachable

The connection could not be restored.

Session expired

The server has moved on; the page needs a fresh start.